 Dungeon Crawl Stone Soup version 0.22-a0-280-g69bf1f3 (webtiles) character file.

151 tidbits the Insei (level 5, 37/40 HPs)
             Began as a Gnoll Transmuter on Mar 16, 2018.
             Quit the game on level 3 of the Dungeon.
             The game lasted 00:04:43 (535 turns).

tidbits the Insei (Gnoll Transmuter)                 Turns: 535, Time: 00:04:45

Health: 37/40      AC:  2    Str: 12    XL:     5   Next: 33%
Magic:  12/12      EV: 15    Int: 17    God:
Gold:   30         SH:  0    Dex: 15    Spells: 8/14 levels left

rFire    . . .     SeeInvis .     - Unarmed
rCold    . . .     Gourm    .   (no shield)
rNeg     . . .     Faith    .   b - +0 robe
rPois    .         Spirit   .   (no helmet)
rElec    .         Reflect  .   (no cloak)
rCorr    .         Harm     .   (no gloves)
MR       .....                  (no boots)
Stlth    ++........             (no amulet)
HPRegen  0.13/turn              (no ring)
MPRegen  0.13/turn              (no ring)

@: no status effects
A: distributed training, fangs 1, strong nose
a: no special abilities


You were on level 3 of the Dungeon.
You were not hungry.

You visited 1 branch of the dungeon, and saw 3 of its levels.

You collected 30 gold pieces.

Inventory:

Hand Weapons
 f - a +0 dagger
 m - a +0 dagger
 n - a +0 hunting sling
Missiles
 a - 7 arrows
 o - 23 stones (quivered)
Armour
 b - a +0 robe (worn)
 h - a +0 ring mail
 p - a +0 ring mail
Scrolls
 c - 2 scrolls of enchant weapon {unknown}
 e - a scroll of amnesia {unknown}
 l - a scroll of identify {unknown}
Potions
 g - 2 potions of mutation {unknown}
 i - a potion of resistance {unknown}
 j - a potion of curing {unknown}
 k - 2 potions of haste {unknown}
Comestibles
 d - 4 rations


   Skills:
 + Level 2.9 Fighting
 + Level 1.4 Short Blades
 + Level 1.4 Long Blades
 + Level 1.4 Axes
 + Level 1.4 Maces & Flails
 + Level 1.4 Polearms
 + Level 1.4 Staves
 + Level 1.4 Slings
 + Level 1.4 Bows
 + Level 1.4 Crossbows
 + Level 1.4 Throwing
 + Level 1.4 Armour
 + Level 4.7 Dodging
 + Level 1.4 Stealth
 + Level 1.4 Shields
 + Level 6.7 Unarmed Combat
 + Level 5.2 Spellcasting
 + Level 1.1 Conjurations
 + Level 1.1 Hexes
 + Level 1.1 Charms
 + Level 1.1 Summonings
 + Level 1.1 Necromancy
 + Level 1.1 Translocations
 + Level 3.9 Transmutations
 + Level 1.1 Fire Magic
 + Level 1.1 Ice Magic
 + Level 1.1 Air Magic
 + Level 1.1 Earth Magic
 + Level 1.1 Poison Magic
 + Level 1.6 Invocations
 + Level 1.4 Evocations


You had 8 spell levels left.
You knew the following spells:

 Your Spells              Type           Power        Failure   Level  Hunger
e - Beastly Appendage     Tmut           ###...       2%          1    None
k - Sticks to Snakes      Tmut           ###.....     4%          2    #......
p - Spider Form           Tmut/Pois      ##........   14%         3    ###....


Dungeon Overview and Level Annotations

Branches:
Dungeon (3/15)

Altars:


Innate Abilities, Weirdness & Mutations

Your experience applies equally to all skills.
You have very sharp teeth.
Your uncanny sense of smell can sniff out nearby items.


Message History

Your transformation has ended.
Your +0 robe unmelds from your body.
The ogre misses you.
You kill the ogre!
Your Conjurations skill increases to level 1!
Your Hexes skill increases to level 1!
Your Charms skill increases to level 1!
Your Summonings skill increases to level 1!
Your Necromancy skill increases to level 1!
Your Translocations skill increases to level 1!
Your Fire Magic skill increases to level 1!
Your Ice Magic skill increases to level 1!
Your Air Magic skill increases to level 1!
Your Earth Magic skill increases to level 1!
Your Poison Magic skill increases to level 1!
You have reached level 4!
You feel clever.
You have reached level 5!
Casting: Spider Form (safe; 14% risk of failure)
Confirm with . or Enter, or press ? or * to list all spells.
You turn into a venomous arachnid creature.
Your +0 robe melds into your body.
You bite the goblin!
You kill the goblin!
You hear the slow rusting of a distant drain.
You hit the goblin.
The goblin is poisoned.
The goblin is severely wounded.
The goblin closely misses you.
You hit the goblin.
You kill the goblin!
You see here a club.
You see here a giant spiked club.
The goblin shouts!
The goblin unwields an uncursed dagger.
The goblin wields a hunting sling.
The goblin shoots a stone.
The stone hits you but does no damage.
You see here a stone.
The goblin shoots a stone.
The stone completely misses you.
The goblin shoots a stone.
The stone closely misses you.
The goblin unwields an uncursed hunting sling.
The goblin wields an uncursed dagger.
The goblin closely misses you.
You barely miss the goblin. You bite the goblin!
You kill the goblin!
Items here: ( )) † an uncursed dagger; an uncursed hunting sling; 23 stones; a goblin corpse
m - an uncursed dagger;
n - an uncursed hunting sling;
o - 23 stones Your transformation is almost over.
Items here: ) ††† a club; a goblin corpse x3
Found a ration.
There is an open door here.
You see here a ration.
d - 3 rations (gained 1)
You see here a ration.
d - 4 rations (gained 1)
Your transformation has ended.
Your +0 robe unmelds from your body.
There is an open door here.
Items here: ) ††† a club; a goblin corpse x3
You see here a goblin corpse.
You open the door.
Found a club.
There is an open door here.
An adder comes into view.
The adder hisses angrily.
Casting: Spider Form (safe; 14% risk of failure)
Confirm with . or Enter, or press ? or * to list all spells.
You turn into a venomous arachnid creature.
Your +0 robe melds into your body.
Casting: Spider Form (safe; 32% risk of failure)
Confirm with . or Enter, or press ? or * to list all spells.
You create 2 snakes!
You now have 7 arrows.
You hear the slow rusting of a distant drain.
The adder misses your ball python.
You swap places.
The adder bites you.
You barely miss the adder. The adder misses you.
You barely miss the adder. The adder completely misses you.
You bite the adder!
The adder is poisoned.
The adder is almost dead.
You kill the adder!
You see here an adder corpse.
Found a dagger.
You see here a dagger.
Your transformation is almost over.
Found a sapphire potion.
Your transformation has ended.
Your +0 robe unmelds from your body.
Found a ring mail.
You see here a sapphire potion.
k - 2 sapphire potions (gained 1)
You see here a ring mail.
p - a ring mail Your ball python withers and dies!
You open the door.
You hear the slow rusting of a very distant drain.
You see here 20 stones.
You see here a club.
You see here a giant spiked club.
You see here a stone.
You see here a stone.
Are you sure you want to abandon this character and quit the game? (Confirm with "yes".)

######.......####.........####..
................+.........+.....
####.#.#....####........)####..
#..###..## #.......# #.. #.##
##.# #.....# ### #..###..# #...#
#..S#...# #'#
####.############.##
#.......@.......#
##############..#########
##....(())..(. #.....########
##...## ##†## #.## #..# #####.#


There were no monsters in sight!

Vanquished Creatures
  An ogre (D:3)
  An adder (D:3)
  2 worms (D:2)
  4 dart slugs (D:1)
  A leopard gecko (D:1)
  A bat (D:2)
  A giant cockroach (D:2)
  4 hobgoblins
  7 jackals
  2 frilled lizards (D:1)
  11 goblins
  3 kobolds
  3 rats
41 creatures vanquished.

Vanquished Creatures (collateral kills)
  A jackal (D:2)
  A quokka (D:2)
2 creatures vanquished.

Vanquished Creatures (others)
  4 toadstools (D:1)
4 creatures vanquished.

Grand Total: 47 creatures vanquished

Notes
Turn   | Place    | Note
-------+----------+-------------------------------------------
     0 | D:1      | tidbits the Gnoll Transmuter began the quest for the Orb.
     0 | D:1      | Reached XP level 1. HP: 17/17 MP: 6/6
    38 | D:1      | Reached XP level 2. HP: 17/23 MP: 7/7
    42 | D:1      | Learned a level 2 spell: Sticks to Snakes
   181 | D:2      | Found a faded altar of an unknown god.
   188 | D:2      | Reached XP level 3. HP: 22/28 MP: 2/9
   193 | D:2      | Learned a level 3 spell: Spider Form
   211 | D:2      | Reached skill level 5 in Spellcasting
   292 | D:1      | Reached skill level 1 in Invocations
   363 | D:3      | Noticed an ogre
   371 | D:3      | Reached skill level 1 in Short Blades
   371 | D:3      | Reached skill level 1 in Long Blades
   371 | D:3      | Reached skill level 1 in Axes
   371 | D:3      | Reached skill level 1 in Maces & Flails
   371 | D:3      | Reached skill level 1 in Polearms
   371 | D:3      | Reached skill level 1 in Staves
   371 | D:3      | Reached skill level 1 in Slings
   371 | D:3      | Reached skill level 1 in Bows
   371 | D:3      | Reached skill level 1 in Crossbows
   371 | D:3      | Reached skill level 1 in Throwing
   371 | D:3      | Reached skill level 1 in Armour
   371 | D:3      | Reached skill level 1 in Stealth
   371 | D:3      | Reached skill level 1 in Shields
   371 | D:3      | Reached skill level 1 in Evocations
   386 | D:3      | Killed an ogre
   386 | D:3      | Reached skill level 1 in Conjurations
   386 | D:3      | Reached skill level 1 in Hexes
   386 | D:3      | Reached skill level 1 in Charms
   386 | D:3      | Reached skill level 1 in Summonings
   386 | D:3      | Reached skill level 1 in Necromancy
   386 | D:3      | Reached skill level 1 in Translocations
   386 | D:3      | Reached skill level 1 in Fire Magic
   386 | D:3      | Reached skill level 1 in Ice Magic
   386 | D:3      | Reached skill level 1 in Air Magic
   386 | D:3      | Reached skill level 1 in Earth Magic
   386 | D:3      | Reached skill level 1 in Poison Magic
   386 | D:3      | Reached XP level 4. HP: 18/34 MP: 6/11
   386 | D:3      | Reached XP level 5. HP: 22/40 MP: 6/12
   535 | D:3      | Quit the game

Vault maps used:
D:1:      ldierk_walled_garden_2, serial_bayou, serial_bayou_lagoon_a,
          serial_bayou_lagoon_b, serial_bayou_pond_e, serial_bayou_shore_b,
          fountainhead, roderic_cross_of_infinity
D:2:      chequers_ecumenical_altar_simple_redux
D:3:      cheibrodos_sewer_entry_sluice, minmay_ogre_servants

Skill      XL: |  1  2  3 |
---------------+----------+-----
Spellcasting   | 5 |  5.2
Invocations    | 1 |  1.6
Short Blades   | 1 |  1.4
Long Blades    | 1 |  1.4
Axes           | 1 |  1.4
Maces & Flails | 1 |  1.4
Polearms       | 1 |  1.4
Staves         | 1 |  1.4
Slings         | 1 |  1.4
Bows           | 1 |  1.4
Crossbows      | 1 |  1.4
Throwing       | 1 |  1.4
Armour         | 1 |  1.4
Stealth        | 1 |  1.4
Shields        | 1 |  1.4
Evocations     | 1 |  1.4
Conjurations   | 1 |  1.1
Hexes          | 1 |  1.1
Charms         | 1 |  1.1
Summonings     | 1 |  1.1
Necromancy     | 1 |  1.1
Translocations | 1 |  1.1
Fire Magic     | 1 |  1.1
Ice Magic      | 1 |  1.1
Air Magic      | 1 |  1.1
Earth Magic    | 1 |  1.1
Poison Magic   | 1 |  1.1
Fighting       | |  2.9
Dodging        | |  4.7
Unarmed Combat | |  6.7
Transmutations | |  3.9

Action                   |  1- 3 |  4- 6 || total
-------------------------+-------+-------++-------
Melee: Unarmed           |    82 |     8 ||    90
       Headbutt          |     4 |       ||     4
       Bite              |     4 |       ||     4
       Kick              |     1 |       ||     1
       Punch             |     1 |       ||     1
 Cast: Beastly Appendage |    12 |       ||    12
       Sticks to Snakes  |     3 |     1 ||     4
       Spider Form       |     4 |     2 ||     6
 Stab: Distracted        |     1 |       ||     1
Armor: Skin              |     3 |       ||     3
Dodge: Dodged            |    53 |     6 ||    59

Table legend:
 A = Spawn XP
 B = Non-spawn XP
 C = Spawn XP percentage of total XP
 D = Spawn monster count
 E = Non-spawn monster count
 F = Spawn count percentage of total count
 G = Total turns spent on level
                    A         B        C        D         E        F      G
               +---------+---------+-------+---------+---------+-------+---------
         Total |       0 |     217 |   0.0 |       0 |      43 |   0.0 |   535
               +---------+---------+-------+---------+---------+-------+---------
           D:1 |       0 |      40 |   0.0 |       0 |      19 |   0.0 |   202
           D:2 |       0 |      30 |   0.0 |       0 |      14 |   0.0 |   136
           D:3 |       0 |     147 |   0.0 |       0 |      10 |   0.0 |   197
               +---------+---------+-------+---------+---------+-------+---------

Table legend:
 A = Turns spent in this place as a percentage of turns spent in the entire game.
 B = Non-inter-level travel turns spent in this place as a percentage of non-inter-level travel turns spent in the entire game.
 C = Inter-level travel turns spent in this place as a percentage of turns spent in this place.
 D = Turns resting spent in this place as a percentage of non-inter-level travel turns spent in this place.
 E = Turns spent auto-exploring this place as a percentage of non-inter-level travel turns spent in this place.
 F = Non-inter-level travel turns spent in this place divided by the number of levels of this place that you've seen.
                   A       B       C       D       E      F
               +-------+-------+-------+-------+-------+----------------------
         Total | 100.0 | 100.0 |   0.0 |   0.0 |   0.0 | 178.3
       Dungeon | 100.0 | 100.0 |   0.0 |   0.0 |   0.0 | 178.3
               +-------+-------+-------+-------+-------+----------------------

Table legend:
 A = Kills in this place as a percentage of kills in entire the game.
 B = Kills by you in this place as a percentage of kills by you in the entire game.
 C = Kills by friends in this place as a percentage of kills by friends in the entire game.
 D = Other kills in this place as a percentage of other kills in the entire game.
 E = Experience gained in this place as a percentage of experience gained in the entire game.
 F = Experience gained in this place divided by the number of levels of this place that you have seen.
                   A       B       C       D       E      F
               +-------+-------+-------+-------+-------+----------------------
         Total | 100.0 | 100.0 | 100.0 |   N/A | 100.0 |  72.3
       Dungeon | 100.0 | 100.0 | 100.0 |   N/A | 100.0 |  72.3
               +-------+-------+-------+-------+-------+----------------------

Vault maps used:
D:1:      ldierk_walled_garden_2, serial_bayou, serial_bayou_lagoon_a,
          serial_bayou_lagoon_b, serial_bayou_pond_e, serial_bayou_shore_b,
          fountainhead, roderic_cross_of_infinity
D:2:      chequers_ecumenical_altar_simple_redux
D:3:      cheibrodos_sewer_entry_sluice, minmay_ogre_servants
